 Dungeon Crawl Stone Soup version 0.22-a0-803-gd6d8abe (webtiles) character file.

14 inc the Magician (level 2, -1/20 HPs)
             Began as a Demonspawn Wizard on July 22, 2018.
             Slain by a hobgoblin
             ... wielding a +0 club
              (3 damage)
             ... on level 1 of the Dungeon.
             The game lasted 00:02:11 (599 turns).

inc the Magician (Demonspawn Wizard)                 Turns: 599, Time: 00:02:12

Health: -1/20      AC:  2    Str:  7    XL:     2   Next: 27%
Magic:  1/6        EV: 12    Int: 19    God:
Gold:   27         SH:  0    Dex: 11    Spells: 6/7 levels left

rFire    . . .     SeeInvis .   l - +0 short sword
rCold    . . .     Gourm    .   (no shield)
rNeg     . . .     Faith    .   a - +0 robe
rPois    .         Spirit   .   b - +0 hat
rElec    .         Reflect  .   (no cloak)
rCorr    .         Harm     .   (no gloves)
MR       .....                  (no boots)
Stlth    +++.......             h - amulet of the acrobat
HPRegen  0.06/turn              k - ring of flight
MPRegen  0.10/turn              (no ring)

@: very slightly contaminated
A: nightstalker 1
a: Evoke Flight


You were on level 1 of the Dungeon.
You were not hungry.

You visited 1 branch of the dungeon, and saw 1 of its levels.

You collected 27 gold pieces.

Inventory:

Hand Weapons
 i - a +0 whip
 l - a +0 short sword (weapon)
Armour
 a - a +0 robe (worn)
 b - a +0 hat (worn)
Jewellery
 h - an amulet of the acrobat (around neck)
 k - a ring of flight (left hand)
Scrolls
 c - a scroll of enchant armour {unknown}
 f - a scroll of blinking {unknown}
 m - a scroll of amnesia {unknown}
 n - a scroll of identify {unknown}
Potions
 e - a potion of mutation {unknown}
 g - a potion of magic {unknown}
 j - a potion of invisibility {unknown}
Comestibles
 d - 2 rations


   Skills:
 + Level 0.8 Fighting
 - Level 1.7 Dodging
 - Level 1.8 Stealth
 - Level 3.4 Spellcasting
 - Level 1.0 Conjurations
   Level 1.0 Summonings
   Level 0.8 Translocations


You had 6 spell levels left.
You knew the following spells:

 Your Spells              Type           Power        Failure   Level  Hunger
a - Magic Dart            Conj           #...         10%         1    None

Your spell library contained the following spells:

 Spells                   Type           Power        Failure   Level  Hunger
 Conjure Flame            Conj/Fire      #.......     34%         3    ###....
 Slow                     Hex            #.......     22%         2    ##.....
 Mephitic Cloud           Conj/Pois/Air  #.......     36%         3    ###....
 Blink                    Tloc           N/A          16%         2    ##.....
 Call Imp                 Summ           #.......     14%         2    ##.....


Dungeon Overview and Level Annotations

Branches:
Dungeon (1/15)

Altars:


Innate Abilities, Weirdness & Mutations

You are slightly more attuned to the shadows.


Message History

Casting: Magic Dart (safe; 10% risk of failure)
Confirm with . or Enter, or press ? or * to list all spells.
You don't have enough magic to cast that spell.
You barely miss the hobgoblin.
The hobgoblin is moderately wounded.
The hobgoblin hits you with a club.
Casting: Magic Dart (safe; 10% risk of failure)
Confirm with . or Enter, or press ? or * to list all spells.
You don't have enough magic to cast that spell.
You hit the hobgoblin but do no damage.
The hobgoblin is moderately wounded.
The hobgoblin closely misses you.
You hit the hobgoblin but do no damage.
The hobgoblin is moderately wounded.
The hobgoblin hits you with a club.
* * * LOW HITPOINT WARNING * * *
You hit the hobgoblin.
The hobgoblin is heavily wounded.
The hobgoblin hits you with a club.
You die...

# ###. ...###
....########
#.........
#.........
#g####.##. #@#
##.# #..# #
##.###.#
#..#...#
#....# ..
#..###### ..##
#.......# ....
######.......#
....


You could see a hobgoblin.

Vanquished Creatures
  A dart slug (D:1)
  2 ball pythons (D:1)
  A giant cockroach (D:1)
  3 jackals (D:1)
  A bat (D:1)
  2 frilled lizards (D:1)
  A goblin (D:1)
  A rat (D:1)
12 creatures vanquished.

Notes
Turn   | Place    | Note
-------+----------+-------------------------------------------
     0 | D:1      | inc the Demonspawn Wizard began the quest for the Orb.
     0 | D:1      | Reached XP level 1. HP: 13/13 MP: 4/4
   473 | D:1      | Gained mutation: You are slightly more attuned to the shadows. [demonic ancestry]
   473 | D:1      | Reached XP level 2. HP: 19/19 MP: 0/6
   599 | D:1      | Slain by a hobgoblin

Vault maps used:
D:1:      dpeg_arrival_simpleton_c

Action                   || total
-------------------------++-------
Melee: Whip              ||     3
       Unarmed           ||     1
       Short sword       ||    23
 Cast: Magic Dart        ||    22
 Stab: Sleeping          ||     1
Armor: Robe              ||    10
Dodge: Dodged            ||    20

Table legend:
 A = Spawn XP
 B = Non-spawn XP
 C = Spawn XP percentage of total XP
 D = Spawn monster count
 E = Non-spawn monster count
 F = Spawn count percentage of total count
 G = Total turns spent on level
                    A         B        C        D         E        F      G
               +---------+---------+-------+---------+---------+-------+---------
         Total |       0 |      20 |   0.0 |       0 |      12 |   0.0 |   599
               +---------+---------+-------+---------+---------+-------+---------
           D:1 |       0 |      20 |   0.0 |       0 |      12 |   0.0 |   599
               +---------+---------+-------+---------+---------+-------+---------
